 Dungeon Crawl Stone Soup version 0.30-a0-989-g0d87f670db (webtiles) character file.

Game seed: 11522153398739762134

769 bmack86 the Chopper (level 7, 0/61 HPs)
             Began as a Minotaur Fighter on Apr 3, 2023.
             Was a Believer of Okawaru.
             Slain by a lemure (2 damage)
             ... led by Pikel
             ... on level 5 of the Dungeon.
             The game lasted 00:10:41 (3773 turns).

bmack86 the Chopper (Minotaur Fighter)              Turns: 3773, Time: 00:10:43

Health: 0/61       AC:  8    Str: 22    XL:     7   Next: 52%
Magic:  7/7        EV: 17    Int:  5    God:    Okawaru [**....]
Gold:   289        SH:  0    Dex: 10    Spells: 6/6 levels left

rFire   + + .      SeeInvis .    u - melded +7 war axe of Cuxkey {freeze, rPois}
rCold   + + .      Faith    .    c - melded +0 buckler
rNeg    + + +      Spirit   .    l - melded +0 chain mail
rPois   ∞          Reflect  .    (helmet currently unavailable)
rElec   +          Rampage  .    (cloak currently unavailable)
rCorr   +                        e - melded +0 pair of gloves
Will    .....                    s - melded +1 pair of boots
Stlth   +                        t - melded amulet of faith
HPRegen 0.30/turn                (ring currently unavailable)
MPRegen 0.10/turn                (ring currently unavailable)

@: wisp-form, flying
A: insubstantial, flying, no casting, tiny, (horns 2), (retaliatory headbutt)
a: Renounce Religion, Heroism


You were on level 5 of the Dungeon.
You worshipped Okawaru.
Okawaru was pleased with you.
You were an insubstantial wisp.
You visited 1 branch of the dungeon, and saw 6 of its levels.

You collected 289 gold pieces.

Inventory:

Hand Weapons
 a - a +0 war axe
 u - the +7 war axe of Cuxkey (melded) {freeze, rPois}
   (You found it on level 3 of the Dungeon)

   rPois:     It protects you from poison.
Missiles
 g - 15 poisoned darts
 m - a throwing net
 p - 6 boomerangs (quivered)
Armour
 b - a +0 scale mail
 c - a +0 buckler (melded)
 e - a +0 pair of gloves (melded)
 l - a +0 chain mail (melded)
 s - a +1 pair of boots (melded)
Jewellery
 t - an amulet of faith (melded)
 v - an amulet of magic regeneration
Wands
 w - a wand of roots (11)
 y - a wand of digging (5)
Scrolls
 h - a scroll of vulnerability
 i - a scroll of enchant weapon
 k - a scroll of fog
 r - a scroll of fear
 x - a scroll of brand weapon {unknown}
Potions
 d - 2 potions of might
 f - a potion of cancellation
 j - a potion of mutation
 n - a potion of curing
 o - 2 potions of magic {unknown}
 q - a potion of haste
 z - a potion of attraction {unknown}


   Skills:
 + Level 5.3 Fighting
 * Level 6.0 Axes
 + Level 2.8 Throwing
 + Level 5.3 Armour
 + Level 5.3 Shields
 + Level 2.1 Invocations


You had 6 spell levels left.
You didn't know any spells.
Your spell library contained the following spells:

 Spells                   Type           Power      Damage    Failure   Level
 Shock                    Conj/Air       0%         1d3       47%         1
 Sublimation of Blood     Necr           0%         N/A       63%         2
 Wereblood                Tmut           0%         N/A       63%         2
 Kindle Blastsparks       Fire/Tloc/Air  0%         2d10      85%         3
 Swiftness                Air            0%         N/A       85%         3
 Airstrike                Air            0%         2d(0-16)  99%         4
 Fulminant Prism          Conj/Hex       0%         3d5       99%         4
 Iskenderun's Mystic Bla  Conj/Tloc      0%         2d3       99%         4
 Lee's Rapid Deconstruct  Erth           0%         3d4*      100%        5
 Summon Small Mammal      Summ           Unusable   N/A       N/A         1
 Call Canine Familiar     Summ           Unusable   N/A       N/A         3
 Summon Guardian Golem    Hex/Summ       Unusable   N/A       N/A         3
 Summon Hydra             Summ           Unusable   N/A       N/A         7

Dungeon Overview and Level Annotations

Branches:
Dungeon (6/15)
 Temple: D:4-7

Altars:
Cheibriados
Okawaru
Sif Muna
Xom

Shops:
D:2 :

Annotations:
D:5 Pikel


Innate Abilities, Weirdness & Mutations

You are an insubstantial wisp.
Your tiny insubstantial body is highly resistant to most damage types.
You are flying.
Your equipment is entirely melded.
You are incapable of wielding weapons or throwing items.
You cannot cast spells.
((You have a pair of horns on your head.))
((You reflexively headbutt those who attack you in melee.))


Message History

You closely miss Pikel.
Pikel is heavily wounded.
The adder closely misses you. Pikel misses you. The lemure hits you.
* * * LOW HITPOINT WARNING * * *
The lemure hits you but does no damage. The lemure misses you. x2
The adder closely misses you.
Unknown command.
You touch Pikel.
Pikel is heavily wounded.
Pikel barely misses you. The lemure hits you.
* * * LOW HITPOINT WARNING * * *
The lemure closely misses you. The lemure barely misses you.
The lemure completely misses you. The adder bites you but does no damage.
You closely miss Pikel.
Pikel is heavily wounded.
Pikel barely misses you. The lemure hits you.
* * * LOW HITPOINT WARNING * * *
The lemure misses you. x2; The lemure completely misses you.
The adder closely misses you.
You touch Pikel but do no damage.
Pikel is heavily wounded.
The adder bites you but does no damage.
Pikel hits you with a +1 whip of flaming!
* * * LOW HITPOINT WARNING * * *
Pikel burns you.
* * * LOW HITPOINT WARNING * * *
The lemure hits you but does no damage. The lemure barely misses you. x2
The lemure hits you but does no damage.
You barely miss Pikel.
Pikel is heavily wounded.
The adder bites you but does no damage. Pikel closely misses you.
The lemure barely misses you. The lemure closely misses you.
The lemure misses you. The lemure barely misses you.
You touch Pikel but do no damage.
Pikel is heavily wounded.
The adder bites you but does no damage. Pikel completely misses you.
The lemure misses you. The lemure hits you.
* * * LOW HITPOINT WARNING * * *
The lemure hits you.
You die...

.. ##......# #.##.......#
#.........# #.........#
#........# #....5...# #..SK5.# #
#..5v5# ## ##.5.## ##. ######
##..# ##### ##.#
.....##########..## ###...#
##.##
..................###.....###..#
#####....................†....##
#####................###.##
#####...........## #..#
##..........## ##.##


You could see Pikel, 4 lemures, an adder and a white imp.

Vanquished Creatures
  Eustachio (D:4)
  A black bear (D:5)
  2 scorpions
  2 hounds
  3 orc priests (D:4)
  A gnoll bouda (D:4)
  An iguana (D:4)
  7 gnolls
  5 adders
  An ufetubus (D:4)
  3 dart slugs
  4 worms
  2 orcs (D:4)
  4 bats
  12 endoplasms
  4 giant cockroaches (D:1)
  7 goblins
  2 hobgoblins (D:3)
  6 jackals
  2 quokkas
  4 ball pythons
  8 frilled lizards
  6 kobolds
  7 rats
95 creatures vanquished.

Notes
Turn   | Place    | Note
-------+----------+-------------------------------------------
     0 | D:1      | bmack86 the Minotaur Fighter began the quest for the Orb.
     0 | D:1      | Reached XP level 1. HP: 19/19 MP: 0/0
   234 | D:1      | Reached XP level 2. HP: 27/27 MP: 1/1
   441 | D:1      | Reached skill level 3 in Axes
   737 | D:2      | Found a shimmering altar of Xom.
   878 | D:2      | Found a faded altar of an unknown god.
   945 | D:2      | Reached XP level 3. HP: 23/33 MP: 2/2
  1130 | D:2      | Found Kuesothu's Vocational Training.
  1431 | D:3      | Reached skill level 1 in Throwing
  1431 | D:3      | Reached XP level 4. HP: 29/40 MP: 3/3
  1613 | D:3      | Identified the +7 war axe of Cuxkey {freeze, rPois}
  1707 | D:3      | Reached skill level 4 in Axes
  1766 | D:3      | You fall into a shaft and drop 3 floors!
  1816 | D:5      | Entered Level 5 of the Dungeon
  1851 | D:5      | Reached XP level 5. HP: 42/47 MP: 4/4
  1893 | D:4      | Found a shimmering blue altar of Sif Muna.
  2124 | D:4      | Found an iron altar of Okawaru.
  2133 | D:4      | Became a worshipper of Warmaster Okawaru
  2640 | D:4      | Identified the +4 longbow "Yric" {heavy, Dex+5}
  2703 | D:4      | Noticed Eustachio
  2714 | D:4      | Killed Eustachio
  2714 | D:4      | Reached * piety under Okawaru
  2715 | D:4      | Reached skill level 5 in Axes
  2715 | D:4      | Reached skill level 1 in Invocations
  2715 | D:4      | Reached XP level 6. HP: 25/55 MP: 4/6
  2721 | D:4      | Reached skill level 5 in Fighting
  2721 | D:4      | Reached skill level 5 in Shields
  2722 | D:4      | Reached skill level 5 in Armour
  2725 | D:4      | Reached XP level 7. HP: 6/61 MP: 5/7
  3408 | D:5      | Reached ** piety under Okawaru
  3577 | D:5      | Found a snail-covered altar of Cheibriados.
  3638 | D:5      | Reached skill level 6 in Axes
  3750 | D:5      | Noticed Pikel
  3773 | D:5      | HP: 2/61 [lemure[Pikel] (6)]
  3773 | D:5      | Slain by a lemure

Illustrated notes

Levels and vault maps discovered:
D:1:      amcnicky_arrival_underground_garden, layout_basic,
          hangedman_glass_teeth
D:2:      layout_basic, basic_altar, chequers_ecumenical_altar_island,
          nicolae_shop_vocational
D:3:      layout_basic
D:4:      layout_basic, mainiacjoe_overflow_small_starburst,
          mainiacjoe_overflow_boulevard, serial_curves, eino_curves_02,
          eino_curves_02, eino_curves_02, minivault_19, uniq_eustachio
D:5:      layout_cave_pods, kennysheep_mini, uniq_pikel
D:6:      layout_rooms, gammafunk_ghost_icy, hangedman_minor_gate_pass

Skill      XL: |  1  2  3  4  5  6  7 |
---------------+----------------------+-----
Axes           | 3 4 5 6 |  6.0
Shields        | 4 5 |  5.3
Armour         | 4 5 |  5.3
Fighting       | 4 5 |  5.3
Throwing       | 1 2 |  2.8
Invocations    | 1 2 |  2.1

Action                     |  1- 3 |  4- 6 |  7- 9 || total
---------------------------+-------+-------+-------++-------
  Melee: War axe           |    89 |    78 |    13 ||   180
         Headbutt          |     7 |     8 |     3 ||    18
         Unarmed           |       |       |    17 ||    17
  Throw: Boomerang         |     5 |     6 |    17 ||    28
    Use: Scroll            |     3 |     8 |       ||    11
         Potion            |       |       |     1 ||     1
 Armour: Scale mail        |    20 |       |       ||    20
         Chain mail        |    44 |    44 |    12 ||   100
         Skin              |       |       |    14 ||    14
  Dodge: Dodged            |    45 |    23 |    76 ||   144
  Block: Buckler           |    26 |    18 |     6 ||    50

Table legend: (Time is in decaauts)
 A = Elapsed time spent in this place.
 B = Non-inter-level travel time spent in this place.
 C = Inter-level travel time spent in this place.
 D = Time resting spent in this place.
 E = Time spent auto-exploring this place.
 F = Levels seen in this place.
 G = Mean time per level.
                   A        B        C        D        E       F      G
               +--------+--------+--------+--------+--------+-----+--------+
         Total |   3843 |   3778 |     65 |    175 |   2470 |   6 |  640.5 |
       Dungeon |   3843 |   3778 |     65 |    175 |   2470 |   6 |  640.5 |
               +--------+--------+--------+--------+--------+-----+--------+

Top non-repeatable levels by time:
     D:4: 1152 daAuts
     D:1: 735 daAuts
     D:2: 712 daAuts
     D:5: 628 daAuts
     D:3: 563 daAuts
     D:6: 51 daAuts
